 Dungeon Crawl Stone Soup version 0.26.1-11-gd32895ea62 (webtiles) character file.

Game seed: 11555530191834839054

828 Zeld the Twirler (level 7, 0/45 HPs)
             Began as an Octopode Gladiator on May 18, 2021.
             Was a Follower of Wu Jian.
             Killed from afar by an orc wizard (6 damage)
             ... with a puff of flame
             ... on level 6 of the Dungeon.
             The game lasted 00:09:59 (8455 turns).

Zeld the Twirler (Octopode Gladiator)               Turns: 8455, Time: 00:09:59

Health: 0/45       AC:  1    Str: 14    XL:     7   Next: 97%
Magic:  7/7        EV: 14    Int: 10    God:    Wu Jian [*.....]
Gold:   291        SH:  0    Dex: 15    Spells: 6/6 levels left

rFire    . . .     SeeInvis .   a - +0 quarterstaff
rCold    . . .     Faith    .   (shield currently unavailable)
rNeg     . . .     Spirit   .   b - +0 hat
rPois    .         Reflect  .   (no amulet)
rElec    .         Harm     .   (no ring)
rCorr    .         Rampage  .   (no ring)
Will     .....                  (no ring)
Stlth    ++........             (no ring)
HPRegen  0.15/turn              (no ring)
MPRegen  0.10/turn              (no ring)
                                (no ring)
                                (no ring)

@: slowed, very slow
A: almost no armour, stealthy swim, amphibious, 8 rings, constrict 8, camouflage
1, gelatinous body 1
a: Renounce Religion


You were on level 6 of the Dungeon.
You worshipped Wu Jian.
Wu Jian was aware of your devotion.
You visited 2 branches of the dungeon, and saw 7 of its levels.
You also visited: Ossuary.

You collected 291 gold pieces.

Inventory:

Hand Weapons
 a - a +0 quarterstaff (weapon)
Missiles
 c - 4 throwing nets (quivered)
 l - 3 boomerangs
 o - a javelin
Armour
 b - a +0 hat (worn)
Wands
 v - a wand of iceblast (8)
Scrolls
 d - 4 scrolls of identify
 h - 2 scrolls of teleportation
 i - 5 scrolls of remove curse
 n - 2 scrolls of amnesia
 s - a scroll of blinking
Potions
 e - 4 potions of curing {unknown}
 f - a potion of might {unknown}
 g - a potion of ambrosia {unknown}
 j - a potion of magic {unknown}
 m - 3 potions of berserk rage {unknown}
 p - 4 potions of haste {unknown}
 q - 3 potions of lignification {unknown}
 r - 3 potions of degeneration {unknown}
 t - 2 potions of heal wounds {unknown}
 u - a potion of invisibility {unknown}


   Skills:
 - Level 2.0 Fighting
 * Level 6.8 Staves
 * Level 6.4 Throwing
 - Level 3.0 Dodging


You had 6 spell levels left.
You didn't know any spells.
Your spell library was empty.

Dungeon Overview and Level Annotations

Branches:
Dungeon (6/15)             Temple (1/1) D:5         Ossuary (visited)

Altars:
Ashenzari
Cheibriados
Elyvilon
Fedhas
Gozag
Hepliaklqana
Makhleb
Nemelex Xobeh
Okawaru
Qazlal
Ru
Sif Muna
Trog
Uskayaw
Vehumet
Wu Jian
Xom
Zin
The Shining One

Annotations:
D:4 exclusion: oklob plant


Innate Abilities, Weirdness & Mutations

You cannot wear most types of armour.
You are very stealthy in the water. (Stealth+)
You are amphibious.
You can wear up to eight rings at the same time.
You can use your tentacles to constrict eight enemies at once.
Your skin changes colour to match your surroundings (Stealth+).
Your rubbery body absorbs attacks. (AC +1, EV +1)


Message History

The orc wizard blinks!
The orc wizard casts a spell.
The orc wizard blinks!
The orc wizard casts a spell.
The orc wizard blinks!
The orc wizard gestures wildly while chanting.
The orc wizard blinks!
The orc wizard gestures wildly while chanting.
The orc wizard blinks!
The orc wizard mumbles some strange words.
The orc wizard blinks!
A puff of flame appears from out of thin air!
The puff of flame hits you!
* * * LOW HITPOINT WARNING * * *
A puff of flame appears from out of thin air!
The puff of flame hits you.
* * * LOW HITPOINT WARNING * * *
A puff of flame appears from out of thin air!
The puff of flame hits you.
You die...

.........).............!...)
....###.########.####......#
#.#####.### #.# ......#
#.........# #.# .....S#
#######.#.#### #{# .!....#
#......# #.# !.....#
##(....# #.# ####### #.....#
#.# #.....# #@# ##....# #.#
#....# #.# #Y.### #.#
#..#####.# #......#.#
#####.##.#.# #.###8##.#.#
###..##.#.#.#


There were no monsters in sight!

Vanquished Creatures
  A bullfrog (D:5)
  4 elf zombies (Ossuary)
  A scorpion (D:6)
  A bullfrog skeleton (D:5)
  A hound (D:4)
  An orc priest (D:3)
  4 orc wizards
  2 mummies (Ossuary)
  A gnoll (D:5)
  6 adders
  A shadow imp (D:6)
  2 ufetubi (D:5)
  2 oozes
  An adder zombie (Ossuary)
  5 worms
  A dart slug (D:1)
  3 leopard geckos
  11 orcs
  3 giant cockroaches
  6 goblins
  7 hobgoblins
  6 jackals
  7 kobolds
  3 quokkas
  2 ball pythons (D:3)
  13 bats
  5 frilled lizards
  2 goblin zombies (Ossuary)
  9 hobgoblin zombies (Ossuary)
  2 jackal zombies (Ossuary)
  7 kobold zombies (Ossuary)
  11 orc zombies (Ossuary)
  A quokka skeleton (D:5)
  6 rats
  A rat zombie (Ossuary)
139 creatures vanquished.

Vanquished Creatures (others)
  A fungus (D:4)
  8 plants (D:4)
9 creatures vanquished.

Grand Total: 148 creatures vanquished

Notes
Turn   | Place    | Note
-------+----------+-------------------------------------------
     0 | D:1      | Zeld the Octopode Gladiator began the quest for the Orb.
     0 | D:1      | Reached XP level 1. HP: 14/14 MP: 1/1
   188 | D:1      | Reached XP level 2. HP: 19/19 MP: 2/2
   646 | D:1      | Reached XP level 3. HP: 22/24 MP: 3/3
  1454 | D:2      | Reached XP level 4. HP: 15/29 MP: 4/4
  2696 | D:3      | Reached XP level 5. HP: 27/34 MP: 5/5
  3203 | D:3      | Found an iron altar of Okawaru.
  3851 | D:3      | Reached skill level 5 in Staves
  4066 | D:4      | Found a hide-covered altar of Uskayaw.
  4089 | D:4      | Reached XP level 6. HP: 33/39 MP: 6/6
  4541 | D:4      | Found a blossoming altar of Fedhas.
  4570 | D:4      | Noticed an oklob plant
  4860 | D:5      | Entered Level 5 of the Dungeon
  4882 | D:5      | Reached skill level 5 in Throwing
  5389 | D:5      | Reached XP level 7. HP: 45/45 MP: 7/7
  5998 | D:5      | Found a staircase to the Ecumenical Temple.
  6083 | Temple   | Entered the Ecumenical Temple
  6120 | Temple   | Became a worshipper of the Wu Jian Council
  6303 | D:5      | Found a sparkling altar of Nemelex Xobeh.
  6362 | D:5      | Found a broken altar of Ashenzari.
  6613 | D:6      | Found a sand-covered staircase.
  6671 | Ossuary  | Entered an ossuary
  6746 | Ossuary  | Reached * piety under Wu Jian
  6885 | Ossuary  | HP: 2/45 [elf zombie (8)]
  8455 | D:6      | Killed from afar by an orc wizard

Illustrated notes

Levels and vault maps discovered:
D:1:      lightli_iron_boxes, layout_rooms
D:2:      layout_loops_corners
D:3:      layout_basic, okawaru_metal_pillars_3
D:4:      layout_basic, eat_drink_and_be_merry_uskayaw, tgw_fedhas,
          minmay_misc_feat_hallway
D:5:      layout_rooms, marbit_many_paths, minmay_temple_entry_trees,
          basic_altar, minmay_misc_feat_more_columns, lightli_minifort
D:6:      layout_basic, lightli_ossuary_entry_decrepit_ruins, kennysheep_nub
Temple:   compressed_dpeg_circular_temple

Skill      XL: |  1  2  3  4  5  6  7 |
---------------+----------------------+-----
Throwing       | 3 4 5 6 |  6.4
Staves         | 4 5 6 |  6.8
Fighting       | |  2.0
Dodging        | |  3.0

Action                   |  1- 3 |  4- 6 |  7- 9 || total
-------------------------+-------+-------+-------++-------
Melee: Quarterstaff      |    72 |   140 |   105 ||   317
       Constrict         |    19 |    48 |    39 ||   106
       Tentacles         |    11 |    33 |    20 ||    64
Throw: Javelin           |       |       |     1 ||     1
       Boomerang         |       |       |     1 ||     1
Invok: Lunge             |       |       |    10 ||    10
Evoke: Wand              |       |       |    14 ||    14
  Use: Scroll            |       |     8 |     3 ||    11
 Stab: Sleeping          |     7 |    10 |     3 ||    20
Armor: Skin              |    15 |    10 |     3 ||    28
Dodge: Dodged            |    70 |    72 |    57 ||   199
